Match 39960508
Unlisted

Match 39960508
End
Kettenkrad Recon Vehicle
Construct Infanterie Kompanie
Selects Terror Battlegroup
Selects Terror Battlegroup
Selects Machine Gun Camouflage
Grenadier Squad
MG 42 Machine Gun Team
GrW 34 Mortar Team
Grenadier Squad
Selects Contempt for the Weak
Medical Station
Construct Panzergrenadier Kompanie
Pioneer Squad
251 Medium Carrier
Pak 40 Anti-tank Gun Team
Panzergrenadier Squad
Selects Defend the Fatherland
MG 42 Bunker
MG 42 Machine Gun Team
Grenadier Squad
Pak 40 Anti-tank Gun Team
MG 42 Machine Gun Team
MG 42 Bunker
Selects King Tiger Heavy Tank
King Tiger Heavy Tank
MG 42 Machine Gun Team
Sauzer88
FullMeanMachine
Dahlian
Mace
0
0

Comments sign in to comment!

No comments posted yet!